 Dungeon Crawl Stone Soup version 0.30-a0-778-g2ef04afb54 (webtiles) character file.

Game seed: 14694506321734534751

163705 Zonian the Warrior (level 17, -3/102 HPs)
             Began as a Vine Stalker Brigand on Feb 15, 2023.
             Was a Follower of Uskayaw.
             Succumbed to a naga warrior's splash of poison
             ... on level 4 of the Snake Pit on Feb 16, 2023.
             The game lasted 01:29:46 (30606 turns).

Zonian the Warrior (Vine Stalker Brigand)          Turns: 30606, Time: 01:29:46

Health: -3/102     AC: 16    Str: 22    XL:     17   Next: 84%
Magic:  3/48       EV: 19    Int: 13    God:    Uskayaw [*.....]
Gold:   1650       SH: 10    Dex: 27    Spells: 25/32 levels left

rFire   + . .      SeeInvis +    y - +9 dagger of Saussiev {heavy, *Rage MP+9 Str+6}
rCold   + + +      Faith    .    H - +3 buckler {reflect}
rNeg    . . .      Spirit   +    b - +3 leather armour of the Dwarven Hall {rElec Regen+}
rPois   +          Reflect  +    S - +2 helmet
rElec   +          Harm     .    c - scarf {rC+ rF+}
rCorr   +          Rampage  +    M - +2 pair of gloves {Dex+3}
Will    ++...      Rage     20%  W - +2 pair of boots {rampage}
Stlth   ++++++                   f - amulet "Jygumafi" {Acrobat rC+ rCorr MP+9 SInv}
HPRegen 1.97/turn                Q - ring of magical power
MPRegen 0.31/turn                k - ring "Likk" {+Blink rPois rC+ MP-9 Dex+4}

@: lethally poisoned (-3 -> -23)
A: fangs 3, regeneration 1, magic shield, antimagic bite, no potion heal 2
a: Renounce Religion, Evoke Blink, Stomp


You were on level 4 of the Snake Pit.
You worshipped Uskayaw.
Uskayaw was aware of your devotion.
You visited 4 branches of the dungeon, and saw 26 of its levels.
You also visited: Sewer.

You collected 2919 gold pieces.
You spent 1269 gold pieces at shops.

Inventory:

Hand Weapons
 y - the +9 dagger of Saussiev (weapon) {heavy, *Rage MP+9 Str+6}
   (You found it on level 4 of the Dungeon)

   Str:       It affects your strength (+6).
   MP:        It affects your magic capacity (+9).
   *Rage:     It berserks you when you make melee attacks (+20% chance).
Missiles
 d - 35 poisoned darts (quivered)
 e - 9 curare-tipped darts
 I - 19 boomerangs
 J - 6 throwing nets
 O - 9 atropa-tipped darts
 U - 9 javelins
Armour
 b - the +3 leather armour of the Dwarven Hall (worn) {rElec Regen+}
   (You found it on level 4 of the Snake Pit)

   rElec:     It insulates you from electricity.
   Regen:     It increases your rate of health regeneration.
 c - a scarf of resistance (worn)
 D - a +3 ring mail
 H - a +3 buckler of reflection (worn)
 M - a +2 pair of gloves of dexterity (worn)
 S - a +2 helmet (worn)
 W - a +2 pair of boots of rampaging (worn)
Jewellery
 f - the amulet "Jygumafi" (around neck) {Acrobat rC+ rCorr MP+9 SInv}
   (You acquired it on level 4 of the Dungeon)

   [amulet of the acrobat]

   It increases your evasion while moving and waiting.
   rC:        It protects you from cold.
   MP:        It affects your magic capacity (+9).
   SInv:      It lets you see invisible.
   rCorr:     It protects you from acid and corrosion.
 k - the ring "Likk" (right hand) {+Blink rPois rC+ MP-9 Dex+4}
   (You bought it in a shop on level 7 of the Dungeon)

   [ring of protection from cold]

   Dex:       It affects your dexterity (+4).
   rC:        It protects you from cold.
   rPois:     It protects you from poison.
   MP:        It affects your magic capacity (-9).
   +Blink:    It lets you blink.
 p - a +5 ring of evasion
 x - the ring of the Seven Persimmons {Contam Fly Str+8 Int-5 Dex+6}
   (You acquired it on level 7 of the Dungeon)

   [ring of dexterity]

   Str:       It affects your strength (+8).
   Int:       It affects your intelligence (-5).
   Dex:       It affects your dexterity (+6).
   Fly:       It grants you flight.
   Contam:    It causes magical contamination when unequipped.
 Q - a ring of magical power (left hand)
Wands
 o - a wand of polymorph (6)
 t - a wand of quicksilver (8)
 z - a wand of flame (37)
 V - a wand of charming (16)
 X - a wand of roots (22)
Scrolls
 v - 4 scrolls of vulnerability
 w - 5 scrolls of fear
 A - 5 scrolls of blinking
 B - 7 scrolls of teleportation
 F - 3 scrolls of magic mapping
 K - a scroll of fog
 Y - 2 scrolls of enchant weapon
Potions
 a - a potion of invisibility
 g - 11 potions of curing
 i - 7 potions of flight
 j - 4 potions of haste
 l - 5 potions of brilliance
 m - 6 potions of lignification
 q - a potion of cancellation
 E - 2 potions of might
 N - 4 potions of attraction
 P - 5 potions of ambrosia
 Z - 4 potions of resistance
Miscellaneous
 s - a phial of floods
 u - a tin of tremorstones (2/2)
 L - a phantom mirror (inert)


   Skills:
 - Level 16.9 Fighting
 - Level 10.0 Short Blades
 - Level 3.9 Throwing
 - Level 4.0 Armour
 - Level 8.1 Dodging
 - Level 13.1 Stealth
 - Level 5.0 Shields
 - Level 8.0 Spellcasting
 + Level 7.0 Necromancy
 + Level 7.0 Air Magic
 + Level 10.8 Invocations
 - Level 8.0 Evocations


You had 25 spell levels left.
You knew the following spells:

 Your Spells              Type           Power      Damage    Failure   Level
a - Dispel Undead         Necr           23%        3d12      11%         4
b - Swiftness             Air            23%        N/A       3%          3

Your spell library contained the following spells:

 Spells                   Type           Power      Damage    Failure   Level
 Kiss of Death            Conj/Necr      56%        2d9       4%          1
 Shock                    Conj/Air       56%        1d6       4%          1
 Airstrike                Air            11%        2d(2-18)  11%         4
 Apportation              Tloc           10%        N/A       21%         1
 Summon Small Mammal      Summ           20%        N/A       21%         1
 Kindle Blastsparks       Fire/Tloc/Air  22%        2d11      22%         3
 Lesser Beckoning         Tloc           10%        N/A       30%         2
 Summon Lightning Spire   Summ/Air       14%        N/A       43%         4
 Call Canine Familiar     Summ           5%         N/A       52%         3
 Confusing Touch          Hex            5%         N/A       52%         3
 Gell's Gravitas          Tloc           5%         N/A       52%         3
 Hailstorm                Conj/Ice       5%         3d4       52%         3
 Ignite Poison            Fire/Tmut/Pois 5%         N/A       52%         3
 Ozocubu's Armour         Ice            5%         N/A       52%         3
 Stone Arrow              Conj/Erth      10%        3d7       52%         3
 Summon Guardian Golem    Hex/Summ       5%         N/A       52%         3
 Teleport Other           Tloc           5%         N/A       52%         3
 Lightning Bolt           Conj/Air       7%         1d19      78%         5
 Animate Armour           Summ/Erth      10%        N/A       89%         4
 Fulminant Prism          Conj/Hex       2%         3d5       89%         4
 Ice Form                 Ice/Tmut       5%         N/A       89%         4
 Iskenderun's Mystic Bla  Conj/Tloc      5%         2d3       89%         4
 Summon Ice Beast         Ice/Summ       5%         N/A       89%         4
 Freezing Cloud           Conj/Ice/Air   5%         6-21      91%         5
 Alistair's Intoxication  Tmut/Pois      3%         N/A       99%         5
 Lee's Rapid Deconstruct  Erth           2%         3d5*      99%         5
 Summon Mana Viper        Hex/Summ       5%         N/A       99%         5
 Yara's Violent Unravell  Hex/Tmut       2%         3d3       99%         5
 Simulacrum               Ice/Necr       7%         N/A       100%        6
 Enfeeble                 Hex            2%         N/A       100%        7
 Monstrous Menagerie      Summ           2%         N/A       100%        7
 Ozocubu's Refrigeration  Ice            2%         4d8       100%        7
 Lehudib's Crystal Spear  Conj/Erth      2%         10d2      100%        8


Dungeon Overview and Level Annotations

Branches:
Dungeon (15/15)            Temple (0/1) D:6            Lair (5/5) D:10
 Shoals (0/4) Lair:2        Snake (4/4) Lair:2        Slime (0/5) Lair:4
    Orc (2/2) D:12            Elf (0/3) Orc:2        Vaults (0/5) D:14
 Depths (0/4) D:15          Sewer (visited)

Altars:
Ashenzari
Elyvilon
Hepliaklqana
Makhleb
Nemelex Xobeh
Okawaru
Ru
Uskayaw
Wu Jian
Yredelemnul

Shops:
D:7 ((*   D:9 *   Orc:2 *(:(

Annotations:
D:9 exclusion: ice statue
Lair:4 1 runed translucent door, Ithra's ghost, journeyman OgTm
Lair:5 2 transporters, exclusion: oklob plant, bmack86's ghost, journeyman MiFi
Snake:1 1 runed translucent door, Vunelunn's ghost, adept TeSu


Innate Abilities, Weirdness & Mutations

You have razor-sharp teeth.
Your natural rate of healing is unusually fast.
When hurt, damage is shared between your health and your magic reserves.
Your bite disrupts and absorbs the magic of your enemies.
Potions cannot restore your health.


Message History

The nagas go into a battle-frenzy!
The naga warrior constricts you. The naga barely misses you.
You puncture the naga warrior!
The naga warrior is moderately wounded.
You feel sick. The salamander misses you. You block the naga's attack.
You hit the naga warrior. Your bite misses the naga warrior.
The naga warrior is heavily wounded.
You feel sick.
The guardian serpent hits you but does no damage.
The salamander barely misses you. The naga hits you with a +0 hand axe!!
The naga warrior barely misses you. The naga warrior constricts you.
The salamander hits you with a +4 glaive!!
* * * LOW HITPOINT WARNING * * *
You are engulfed in flames.
You resist.
* * * LOW HITPOINT WARNING * * *
You closely miss the guardian serpent. Your bite misses the guardian serpent.
You feel sick.
You block the guardian serpent's attack.
The naga zaps a wand.
Your +3 buckler of reflection reflects the puff of flame!
The puff of flame hits the naga but does no damage.
The salamander hits you with a +3 halberd of venom!!
* * * LOW HITPOINT WARNING * * *
You are engulfed in flames.
You resist.
* * * LOW HITPOINT WARNING * * *
You are lethally poisoned!
The naga warrior spits poison at you. The splash of poison hits you.
You are more poisoned.
You resist.
* * * LOW HITPOINT WARNING * * *
The naga warrior constricts you. The naga spits poison at you.
The splash of poison misses you.
You block the guardian serpent's attack.
Blink to where?
Press: ? - help, Dir - move target You escape the naga warrior's grasp.
As you read the scroll of blinking, it crumbles to dust.
You die...

##....NSN..#...[.....##
#.....N§..............###
......NN................##
............##...........##
..........#####....###....#
.........## ###....#####...
..........###.........##...
$...#.....##...............
...###....@...##...####....
.# ##......###...# ##....
#.....## #...###.....
####...#####..##......
##..##.................
#....#.................
##).))#..............###
#..)†.###............# #
..###
#..#)†###............# #


You could see 2 salamanders and a naga (strong, catching breath).

Vanquished Creatures
  Bai Suzhen (Snake:4)
  Vashnia (Snake:4)
  Mlioglotl (Snake:3)
  Jorgrun (D:12)
  Rupert (Lair:4)
  A nagaraja (Snake:4)
  Donald (Snake:3)
  Kirke (D:15)
  Aizul (Snake:3)
  Azrael (D:12)
  An ettin (Orc:1)
  A fire dragon (Lair:2)
  Josephine (Lair:5)
  4 salamander tyrants
  3 vault guards (D:14)
  9 hydras
  Harold (D:11)
  5 centaur warriors
  5 boulder beetles
  13 anacondas
  5 catoblepae
  3 two-headed ogres
  16 death yaks
  7 tengu warriors
  7 naga warriors
  3 orc high priests (Orc:2)
  15 naga sharpshooters
  4 shock serpents
  Sonja (Lair:3)
  Nergalle (D:11)
  5 salamander mystics
  2 skysharks
  5 sea snakes (Snake:3)
  6 naga ritualists
  3 wizards (D:14)
  Pikel (D:8)
  A deep elf zephyrmancer (D:15)
  A wolf spider zombie (D:15)
  4 orc knights (Orc:2)
  2 necromancers
  7 mana vipers
  5 manticores
  2 deep elf pyromancers (D:15)
  6 ugly things (D:15)
  6 orc sorcerers
  20 salamanders
  3 cyclopes
  7 elephants
  Joseph (D:8)
  A merfolk siren (Lair:2)
  Maurice (D:11)
  4 guardian serpents
  13 naga magi
  30 black mambas
  A torpor snail (Lair:1)
  12 cane toads
  A gargoyle (D:12)
  4 centaur skeletons (D:15)
  2 unseen horrors
  7 komodo dragons
  2 rime drakes
  3 tengu conjurers
  2 efreet
  2 hornets (D:10)
  3 merfolk (Lair:2)
  Prince Ribbit (D:5)
  5 trolls
  3 polar bears
  3 blink frogs (Lair:1)
  6 dream sheep (Lair:5)
  3 slime creatures
  2 vampires
  Sigmund (D:4)
  40 yaks
  19 humans (D:14)
  4 wraiths
  6 wyverns
  2 hogs (D:15)
  6 basilisks
  5 vampire mosquitoes
  5 fire elementals
  A redback (shapeshifter) (D:15)
  A steam dragon (D:8)
  An acid dragon (D:13)
  2 wargs
  35 nagas
  5 water moccasins
  2 hell hounds (D:12)
  14 orc warriors
  2 ice beasts (D:6)
  Duvessa (D:4)
  A black bear (D:8)
  7 ogres
  A wolf (D:7)
  8 centaurs
  A phantom (D:3)
  3 lemures (D:8)
  2 kobold brigands (Sewer)
  7 bullfrogs
  A necrophage (D:6)
  4 gnoll sergeants
  4 scorpions
  9 wights (D:8)
  Dowan (D:4)
  3 killer bees (D:8)
  9 howler monkeys
  2 electric eels (Snake:3)
  3 lava snakes (Lair:2)
  5 jellies
  3 gnoll boudas
  11 orc priests
  6 hounds
  5 iguanas
  Natasha (thrice) (D:3)
  26 orc wizards
  32 gnolls
  9 adders
  3 river rats (Sewer)
  A shadow imp (D:5)
  An ufetubus (D:5)
  3 worms
  2 dart slugs
  52 orcs
  14 bats
  6 endoplasms
  4 giant cockroaches
  9 goblins
  9 hobgoblins
  5 jackals
  A quokka (D:1)
  4 ball pythons
  4 frilled lizards
  7 kobolds
  10 rats
766 creatures vanquished.

Vanquished Creatures (others)
  3 humans (D:15)
  An orc warrior (Orc:2)
  A goblin (D:4)
  8 fungi
  24 plants
37 creatures vanquished.

Grand Total: 803 creatures vanquished

Notes
Turn   | Place    | Note
-------+----------+-------------------------------------------
     0 | D:1      | Zonian the Vine Stalker Brigand began the quest for the
                  | Orb.
     0 | D:1      | Reached XP level 1. HP: 11/11 MP: 2/2
    32 | D:1      | Reached skill level 1 in Dodging
    32 | D:1      | Reached XP level 2. HP: 7/15 MP: 3/3
    89 | D:1      | Reached skill level 5 in Stealth
    96 | D:1      | Reached skill level 2 in Fighting
   250 | D:1      | Reached XP level 3. HP: 15/18 MP: 2/4
  1184 | D:2      | Gained mutation: Your natural rate of healing is unusually
                  | fast. [Vine Stalker growth]
  1184 | D:2      | Reached XP level 4. HP: 9/23 MP: 3/5
  1627 | D:3      | Noticed Natasha
  2052 | D:3      | Killed Natasha
  2113 | D:3      | Reached XP level 5. HP: 27/27 MP: 6/6
  2113 | D:3      | Found a faded altar of an unknown god.
  2227 | D:3      | Noticed Natasha
  2232 | D:3      | Noticed a phantom
  2271 | D:3      | Found a sacrificial altar of Ru.
  2278 | D:3      | Found an iron altar of Okawaru.
  2317 | D:3      | Killed a phantom
  2319 | D:3      | Killed Natasha
  2329 | D:3      | Noticed Natasha
  2363 | D:3      | Killed Natasha
  2364 | D:3      | Reached XP level 6. HP: 29/32 MP: 4/7
  2591 | D:3      | Noticed a +0 falchion
  2591 | D:3      | Noticed a +0 spear
  2591 | D:3      | Noticed a +0 short sword
  2592 | D:3      | Noticed a +0 dagger
  2593 | D:3      | Noticed a +0 falchion
  2593 | D:3      | Noticed a +0 dagger
  2595 | D:3      | Noticed a +0 spear
  2619 | D:3      | Noticed a +0 short sword
  2627 | D:3      | Found a hide-covered altar of Uskayaw.
  2650 | D:3      | Became a worshipper of Uskayaw the Reveller
  2736 | D:4      | Identified a scroll of acquirement
  2736 | D:4      | Acquired the amulet "Jygumafi" {Acrobat rC+ rCorr MP+9
                  | SInv}
  2807 | D:4      | Reached * piety under Uskayaw
  2808 | D:4      | Reached skill level 3 in Fighting
  2842 | D:4      | Reached ** piety under Uskayaw
  2854 | D:4      | Found a glowing drain.
  2858 | Sewer    | Entered a sewer
  2882 | Sewer    | Reached *** piety under Uskayaw
  2953 | Sewer    | Reached **** piety under Uskayaw
  2966 | Sewer    | Reached XP level 7. HP: 23/36 MP: 8/8
  2998 | Sewer    | Found a white marble altar of Elyvilon.
  3085 | D:4      | Noticed Sigmund
  3089 | D:4      | Killed Sigmund
  3199 | D:4      | Noticed Duvessa
  3199 | D:4      | Noticed Dowan
  3211 | D:4      | Killed Duvessa
  3222 | D:4      | Killed Dowan
  3457 | D:4      | Gained mutation: You have razor-sharp teeth. [Vine Stalker
                  | growth]
  3457 | D:4      | Reached XP level 8. HP: 42/42 MP: 9/9
  3607 | D:4      | Identified the +9 dagger of Saussiev {heavy, *Rage MP+9
                  | Str+6}
  3889 | D:5      | Entered Level 5 of the Dungeon
  3928 | D:5      | Reached skill level 4 in Fighting
  4300 | D:5      | Noticed Prince Ribbit
  4307 | D:5      | Killed Prince Ribbit
  5137 | D:6      | Reached skill level 5 in Fighting
  5138 | D:6      | Reached XP level 9. HP: 47/47 MP: 10/10
  5396 | D:6      | Reached skill level 5 in Short Blades
  5538 | D:6      | Identified the +4 flail of Okawaru, Bespelling {flame, rC+
                  | Dex+2}
  5699 | D:6      | Found a basalt altar of Yredelemnul.
  6049 | D:6      | Found a staircase to the Ecumenical Temple.
  6151 | D:7      | Found Vimmuwk's Weapon Shoppe.
  6235 | D:7      | Found Doggaenu's General Store.
  6268 | D:7      | Bought 5 atropa-tipped darts for 58 gold pieces
  6607 | D:7      | Acquired the ring of the Seven Persimmons {Contam Fly Str+8
                  | Int-5 Dex+6}
  6649 | D:7      | Reached skill level 5 in Dodging
  7561 | D:7      | Found a burning altar of Makhleb.
  7642 | D:7      | Found Arirat's Antique Weapon Shoppe.
  7802 | D:7      | Reached skill level 6 in Fighting
  7896 | D:8      | Reached XP level 10. HP: 53/53 MP: 11/11
  7899 | D:8      | Reached skill level 10 in Stealth
  7900 | D:8      | Reached ***** piety under Uskayaw
  8435 | D:8      | Noticed Pikel
  8444 | D:8      | Killed Pikel
  8581 | D:8      | Reached skill level 7 in Fighting
  8613 | D:8      | Noticed an unseen horror
  8624 | D:8      | Killed an unseen horror
  9070 | D:8      | Noticed Joseph
  9100 | D:8      | Killed Joseph
  9238 | D:9      | Noticed a two-headed ogre
  9250 | D:9      | Killed a two-headed ogre
  9251 | D:9      | Reached XP level 11. HP: 27/58 MP: 12/12
  9673 | D:9      | Found Hekiapy's Lightly-Used Armoury.
  9805 | D:9      | Found a hazy altar of Hepliaklqana.
  9805 | D:9      | Found an ornate altar of the Wu Jian Council.
 10016 | D:10     | Entered Level 10 of the Dungeon
 10376 | D:10     | Noticed a death yak
 10376 | D:10     | Noticed a death yak
 10537 | D:10     | Found a white marble altar of Elyvilon.
 10603 | D:10     | Found a broken altar of Ashenzari.
 10712 | D:10     | Noticed a death yak
 10730 | D:10     | Killed a death yak
 10731 | D:10     | Reached skill level 8 in Fighting
 10884 | D:10     | Noticed a death yak
 10885 | D:10     | Noticed a death yak
 10902 | D:10     | Noticed a death yak
 10911 | D:10     | Killed a death yak
 10915 | D:10     | Killed a death yak
 10915 | D:10     | Killed a death yak
 10916 | D:10     | Killed a death yak
 10920 | D:10     | Killed a death yak
 10973 | D:10     | Found a staircase to the Lair.
 11297 | Lair:1   | Entered Level 1 of the Lair of Beasts
 11297 | Lair:1   | Noticed a death yak
 11297 | Lair:1   | Noticed a death yak
 11299 | Lair:1   | Noticed a death yak
 11301 | Lair:1   | Noticed a boulder beetle
 11340 | Lair:1   | Reached ****** piety under Uskayaw
 11341 | Lair:1   | Reached XP level 12. HP: 60/65 MP: 13/13
 11352 | Lair:1   | Killed a boulder beetle
 11356 | Lair:1   | Reached skill level 9 in Fighting
 11677 | Lair:1   | Noticed a boulder beetle
 11816 | Lair:1   | Killed a boulder beetle
 11918 | Lair:1   | Killed a death yak
 11925 | Lair:1   | Killed a death yak
 11933 | Lair:1   | Killed a death yak
 12211 | Lair:2   | Noticed a five-headed hydra
 12216 | Lair:2   | Killed a five-headed hydra
 12297 | Lair:2   | Reached skill level 10 in Fighting
 12373 | Lair:2   | Reached skill level 10 in Short Blades
 12443 | Lair:2   | Noticed a seven-headed hydra
 12451 | Lair:2   | Killed a seven-headed hydra
 12593 | Lair:2   | Found a staircase to the Snake Pit.
 12710 | Lair:2   | Found a staircase to the Shoals.
 12722 | Lair:2   | Reached skill level 11 in Fighting
 12865 | Lair:2   | Noticed a fire dragon
 12873 | Lair:2   | Killed a fire dragon
 12944 | Lair:2   | Reached XP level 13. HP: 74/74 MP: 14/14
 13262 | Lair:3   | Reached skill level 12 in Fighting
 13335 | Lair:3   | Reached skill level 1 in Invocations
 13658 | Lair:3   | Found a transporter.
 13660 | Lair:3   | Found a transporter.
 13819 | Lair:3   | Noticed Sonja
 13832 | Lair:3   | Killed Sonja
 14141 | Lair:4   | Found a runed translucent door.
 14151 | Lair:4   | Noticed Ithra's ghost (journeyman OgTm)
 14156 | Lair:4   | Identified the +2 spear of Doom {holy, rPois Str+4}
 14576 | Lair:4   | Found a staircase to the Slime Pits.
 14757 | Lair:4   | Noticed Rupert
 14768 | Lair:4   | Killed Rupert
 14769 | Lair:4   | Reached skill level 1 in Armour
 14769 | Lair:4   | Reached skill level 5 in Invocations
 15358 | Lair:5   | Entered Level 5 of the Lair of Beasts
 15371 | Lair:4   | Reached skill level 13 in Fighting
 15525 | Lair:5   | Noticed Josephine
 16325 | Lair:5   | Reached XP level 14. HP: 82/82 MP: 19/19
 16369 | Lair:5   | Killed Josephine
 16602 | Lair:5   | Found a transporter.
 16626 | Lair:5   | Noticed bmack86's ghost (journeyman MiFi)
 16628 | Lair:5   | Found a transporter.
 17045 | Lair:5   | Reached skill level 14 in Fighting
 17479 | D:11     | Noticed Harold
 17482 | D:11     | Noticed Maurice
 17487 | D:11     | Killed Harold
 17500 | D:11     | Killed Maurice
 17699 | D:11     | Noticed Nergalle
 17712 | D:11     | Killed Nergalle
 17802 | D:11     | Reached skill level 15 in Fighting
 18216 | D:11     | Upgraded the game from 0.30-a0-777-ga9a30cbeda to
                  | 0.30-a0-778-g2ef04afb54
 18263 | D:12     | Noticed Jorgrun
 18279 | D:12     | Killed Jorgrun
 18354 | D:12     | Found a staircase to the Orcish Mines.
 18357 | D:12     | Noticed Azrael
 18372 | D:12     | Killed Azrael
 19312 | D:13     | Reached XP level 15. HP: 91/91 MP: 22/22
 19519 | D:14     | Reached skill level 16 in Fighting
 19750 | D:14     | Reached skill level 1 in Spellcasting
 19753 | D:14     | Reached skill level 1 in Evocations
 19754 | D:14     | Reached skill level 1 in Shields
 19867 | D:14     | Found a gate to the Vaults.
 20526 | D:15     | Entered Level 15 of the Dungeon
 20910 | D:15     | Found a staircase to the Depths.
 20975 | D:15     | Noticed Kirke
 20982 | D:15     | Killed Kirke
 21383 | D:15     | Found a sparkling altar of Nemelex Xobeh.
 22025 | Orc:1    | Entered Level 1 of the Orcish Mines
 22229 | Orc:2    | Entered Level 2 of the Orcish Mines
 22593 | Orc:2    | Found a staircase to the Elven Halls.
 22872 | Orc:2    | Found Pung's Antique Weapon Shop.
 22884 | Orc:2    | Reached skill level 5 in Spellcasting
 22892 | Orc:2    | Reached XP level 16. HP: 98/98 MP: 24/24
 23108 | Orc:2    | Found Deakkehoenu's Weapon Emporium.
 23111 | Orc:2    | Reached skill level 5 in Evocations
 23112 | Orc:2    | Found Ziughur's General Store.
 23112 | Orc:2    | Found Nonooh's Book Emporium.
 23133 | Orc:2    | Bought a jewelled spear for 224 gold pieces
 23133 | Orc:2    | Identified the +1 spear of Peace {heavy, Will+ rCorr Str-3}
                  | (You bought it in a shop on level 2 of the Orcish Mines)
 23133 | Orc:2    | Bought a transparent whip for 210 gold pieces
 23133 | Orc:2    | Identified the +6 whip of Lauzxuav {heavy, Will++ Dex+4}
                  | (You bought it in a shop on level 2 of the Orcish Mines)
 23305 | Orc:1    | Reached skill level 5 in Shields
 23640 | Orc:2    | Bought a book of Touch for 352 gold pieces
 23645 | Orc:2    | Learned a level 4 spell: Dispel Undead
 23649 | Orc:2    | Learned a level 3 spell: Swiftness
 24023 | D:7      | Bought the ring "Likk" {+Blink rPois rC+ MP-9 Dex+4} for
                  | 425 gold pieces
 24162 | Snake:1  | Entered Level 1 of the Snake Pit
 24328 | Snake:1  | Reached skill level 1 in Necromancy
 24328 | Snake:1  | Reached skill level 1 in Air Magic
 24808 | Snake:1  | Noticed Vunelunn's ghost (adept TeSu)
 24810 | Snake:1  | Found a runed translucent door.
 27480 | Snake:3  | Noticed Aizul
 27501 | Snake:3  | Killed Aizul
 27562 | Snake:3  | Noticed Donald
 27571 | Snake:3  | Killed Donald
 27810 | Snake:3  | Identified the +0 ring mail "Saits" {Str-5 Int+5 Dex+3}
 27913 | Snake:3  | Reached XP level 17. HP: 102/102 MP: 29/29
 28378 | Snake:3  | Reached skill level 5 in Necromancy
 28520 | Snake:3  | Reached skill level 5 in Air Magic
 28674 | Snake:3  | Noticed Mlioglotl
 28683 | Snake:3  | Noticed a bone dragon
 28691 | Snake:3  | Killed Mlioglotl
 28698 | Snake:3  | Identified the +0 falchion of Articulation {flame, rCorr
                  | Dex+3}
 28958 | Snake:4  | Entered Level 4 of the Snake Pit
 29431 | Snake:4  | Reached skill level 10 in Invocations
 29954 | Snake:4  | Noticed Bai Suzhen
 29967 | Snake:4  | Killed Bai Suzhen
 30072 | Snake:4  | Identified the +3 leather armour of the Dwarven Hall {rElec
                  | Regen+}
 30128 | Snake:4  | Noticed Vashnia
 30142 | Snake:4  | Killed Vashnia
 30605 | Snake:4  | HP: 3/102 [naga warrior/splash of poison (3)]
 30606 | Snake:4  | Succumbed to a naga warrior's splash of poison

Illustrated notes

Levels and vault maps discovered:
D:1:      evilmike_arrival_plus, layout_rooms, hangedman_decor_clover_reticule
D:2:      layout_basic, grunt_ministairs_8, minmay_unequal
D:3:      layout_basic, nicolae_uskayaw_en_pointe,
          amethyst_overflow_temple_binary, hellmonk_ecumenical_altar_lost_god,
          uniq_natasha
D:4:      layout_basic, gup_sewer_entry_bowl, patterned_corridor, uniq_sigmund,
          uniq_crazy_yiuf_cottage, uniq_duvessa
D:5:      layout_loops_ring, corexii_leaking_fountain, uniq_prince_ribbit1
D:6:      layout_loops_ring, mainiacjoe_overflow_boulevard,
          minmay_temple_entry_overgrown
D:7:      layout_cave_pools, mainiacjoe_overflow_alcove_4, serial_gnoll_camp,
          gnoll_camp_mini_shop, gnoll_camp_mini_shop, gnoll_camp_mini_sergeant,
          gnoll_camp_mini_hut, gnoll_camp_mini_doghouse, gnoll_camp_mini_hut,
          serial_shops, nicolae_shop_trees
D:8:      black_bear_nest_1, layout_rooms, uniq_pikel, uniq_joseph
D:9:      cheibrodos_frozen_isle, layout_loops_ring,
          gammafunk_temple_overflow_elements, grunt_ministairs_14,
          minmay_shop_damaged
D:10:     layout_irregular_city, mainiacjoe_overflow_24_doors,
          kennysheep_mini_moat, dpeg_lair_monsters, minivault_23
D:11:     layout_cave_pools, uniq_maurice, uniq_harold, uniq_nergalle
D:12:     layout_cave_pods, orc_0_dummy, uniq_azrael, uniq_jorgrun
D:13:     layout_basic, minmay_guarded_unrand_variability
D:14:     layout_rooms, grunt_vaults_entry_tiered
D:15:     grunt_enter_depths_magical_seal, layout_stronghold,
          serial_park_tiny_1, minmay_ruined_shrine, uniq_kirke
Lair:1:   layout_cave_shapes, roderic_batcave, nicolae_quartered_pool_medium,
          nzn_sisyphean_effort
Lair:2:   dragon1_lemuel, layout_chaotic_city, elwin_shoals_entry_stream,
          nicolae_snake_entry_warm_welcome
Lair:3:   gammafunk_boulding_lane, layout_chaotic_city, columned_hall_lemuel,
          uniq_sonja
Lair:4:   layout_long_grid, minmay_slime_entry_pillars,
          ebering_ghost_funeral_grove, chequers_serial_rivers_micro_d,
          uniq_rupert
Lair:5:   evilmike_catoblepas_cave, layout_cave_shapes, nzn_ghost_randoct,
          uniq_josephine
Snake:1:  layout_grid_shapes, hellmonk_ghost_happy_afterlife, grunt_megastairs_5
Snake:2:  layout_grid_maze
Snake:3:  layout_basic, serial_bayou_shore_b, uniq_mlioglotl, uniq_donald,
          uniq_aizul
Snake:4:  grunt_snake_rune_serpentine_throne, layout_onion, uniq_vashnia,
          uniq_bai_suzhen
Orc:1:    layout_caves, basic_altar
Orc:2:    st_orc_elflike, layout_caves, abandoned_shop

Skill      XL: |  1  2  3  4  5  6  7  8  9 10 11 12 13 14 15 16 17 |
---------------+----------------------------------------------------+-----
Dodging        | 1 2 3 4 5 6 7 8 |  8.1
Stealth        | 5 6 7 8 9 11 12 13 | 13.1
Short Blades   | 2 3 4 6 7 8 10 | 10.0
Fighting       | 2 3 5 6 7 8 11 13 15 16 | 16.9
Throwing       | 2 3 |  3.9
Invocations    | 6 8 9 10 | 10.8
Armour         | 3 4 |  4.0
Spellcasting   | 5 7 8 |  8.0
Evocations     | 4 6 8 |  8.0
Shields        | 4 5 |  5.0
Necromancy     | 4 7 |  7.0
Air Magic      | 4 7 |  7.0

Action                     |  1- 3 |  4- 6 |  7- 9 | 10-12 | 13-15 | 16-18 || total
---------------------------+-------+-------+-------+-------+-------+-------++-------
  Melee: Dagger            |    95 |   146 |   201 |   293 |   694 |   602 ||  2031
         Bite              |    26 |    34 |    51 |   102 |   263 |   228 ||   704
         Punch             |     3 |     2 |       |     8 |     9 |       ||    22
         Short sword       |       |       |    13 |       |       |       ||    13
  Throw: Dart              |     2 |     2 |     5 |    18 |    14 |    13 ||    54
         Throwing net      |       |       |     1 |       |     2 |     2 ||     5
         Javelin           |       |       |       |       |     9 |       ||     9
 Invoke: Grand Finale      |       |       |       |       |     1 |       ||     1
         Line Pass         |       |       |       |       |       |     1 ||     1
  Evoke: Wand              |       |       |       |       |    14 |     7 ||    21
         Phial of floods   |       |       |       |       |     1 |       ||     1
         Phantom mirror    |       |       |       |       |       |     1 ||     1
    Use: Scroll            |       |     8 |    11 |     9 |     7 |     5 ||    40
         Potion            |       |     1 |       |     1 |     1 |     5 ||     8
   Stab: Sleeping          |     9 |     2 |    12 |    11 |    22 |    20 ||    76
         Paralysed         |       |     2 |    11 |    25 |    75 |    68 ||   181
         Held in net/web   |       |       |     1 |       |       |       ||     1
         Distracted        |       |       |     2 |     1 |     3 |     3 ||     9
         Petrified         |       |       |       |       |     1 |       ||     1
 Armour: Robe              |    23 |    53 |    55 |    45 |     5 |       ||   181
         Ring mail         |       |       |       |       |   130 |    89 ||   219
         Leather armour    |       |       |       |       |       |    11 ||    11
  Dodge: Dodged            |    67 |   100 |   173 |   236 |   487 |   300 ||  1363
  Block: Buckler           |       |       |       |       |    80 |   207 ||   287
         Reflection        |       |       |       |       |     1 |    20 ||    21

Table legend: (Time is in decaauts)
 A = Elapsed time spent in this place.
 B = Non-inter-level travel time spent in this place.
 C = Inter-level travel time spent in this place.
 D = Time resting spent in this place.
 E = Time spent auto-exploring this place.
 F = Levels seen in this place.
 G = Mean time per level.
                   A        B        C        D        E       F      G
               +--------+--------+--------+--------+--------+-----+--------+
         Total |  31669 |  30258 |   1411 |   9653 |  12086 |  27 | 1172.9 |
       Dungeon |  16363 |  15637 |    726 |   5135 |   6918 |  15 | 1090.9 |
          Lair |   6464 |   6031 |    433 |   1182 |   2491 |   5 | 1292.8 |
     Snake Pit |   6686 |   6602 |     84 |   2796 |   1878 |   4 | 1671.5 |
  Orcish Mines |   1908 |   1743 |    165 |    539 |    771 |   2 |  954.0 |
         Sewer |    246 |    246 |      0 |      0 |     25 |   1 |  246.0 |
               +--------+--------+--------+--------+--------+-----+--------+

Top non-repeatable levels by time:
  Lair:4: 2173 daAuts
 Snake:1: 1878 daAuts
     D:7: 1858 daAuts
 Snake:3: 1840 daAuts
     D:5: 1570 daAuts
 Snake:2: 1535 daAuts
    D:15: 1471 daAuts
 Snake:4: 1431 daAuts
    D:10: 1426 daAuts
     D:8: 1421 daAuts
  Lair:5: 1336 daAuts
     D:2: 1292 daAuts
   Orc:2: 1253 daAuts
  Lair:2: 1122 daAuts
    D:14: 1080 daAuts
